 Dungeon Sprint DCSS version 0.27.0-65-ge2af304b15 (webtiles) character file.

Game seed: 1420343138839604242

10 ABBCCCDDDD the Skirmisher (level 2, -13/42 HPs)
             Began as a Minotaur Berserker on Aug 18, 2021.
             Was a Believer of Trog.
             Mangled by a merfolk siren (19 damage)
             ... in the Dungeon (Sprint II: "The Violet Keep of Menkaure").
             The game lasted 00:00:18 (211 turns).

ABBCCCDDDD the Skirmisher (Minotaur Berserker)       Turns: 211, Time: 00:00:18

Health: -13/42     AC:  2    Str: 21    XL:     2   Next: 10%
Magic:  1/1        EV: 12    Int:  4    God:    Trog [**....]
Gold:   243        SH:  0    Dex:  9    Spells: 1/1 levels left

rFire    . . .     SeeInvis .   a - +0 hand axe
rCold    . . .     Faith    .   (no shield)
rNeg     . . .     Spirit   .   b - +0 animal skin
rPois    .         Reflect  .   (helmet restricted)
rElec    .         Harm     .   (no cloak)
rCorr    .         Rampage  .   (no gloves)
Will     .....     NoTele   +   (no boots)
Stlth    ..........             (no amulet)
HPRegen  0.14/turn              (no ring)
MPRegen  0.07/turn              (no ring)

@: berserking, very quick
A: horns 2, retaliatory headbutt
a: Renounce Religion, Berserk, Trog's Hand


You were in the Dungeon.
You worshipped Trog.
Trog was pleased with you.
You visited 1 branch You collected 243 gold pieces.

Inventory:

Hand Weapons
 a - a +0 hand axe (weapon)
Armour
 b - a +0 animal skin (worn)
Scrolls
 h - a scroll of blinking
Potions
 c - a potion of curing
 d - a potion of heal wounds
 e - a potion of haste
 f - 2 potions of magic
 g - a potion of berserk rage


   Skills:
 + Level 4.4 Fighting
 + Level 4.4 Axes
 + Level 3.5 Armour
 + Level 3.1 Dodging


You had one spell level left.
You didn't know any spells.
Your spell library was empty.

Dungeon Overview and Level Annotations

Branches:
Dungeon (1/1)

Altars:


Innate Abilities, Weirdness & Mutations

You have a pair of horns on your head.
You reflexively headbutt those who attack you in melee.


Message History

You feel a strong urge to attack something.
You start resting.
You feel your anger nearly subside.
You are no longer berserk.
You are exhausted.
You feel yourself slow down.
You start resting.
You feel yourself speed up.
You start resting.
You recover from your berserk rage.
You start resting.
HP restored.
You see here a worm corpse.
You now have 243 gold pieces.
You see here a worm corpse.
You see here a worm corpse.
There is an open door, spattered with blood here.
There is an open door, spattered with blood here.
You open the door.
A merfolk siren comes into view. It is wielding a +0 trident.
The merfolk siren shouts!
The merfolk siren chants a haunting song.
You are mesmerised by the merfolk siren!
The merfolk siren chants its luring song.
There is an open door here.
You are too mesmerised to rage.
The merfolk siren chants its luring song.
Found 243 gold pieces.
You are no longer entranced.
Okay, then.
The merfolk siren hits you from afar with a +0 trident!!
Ouch! That really hurt!
* * * LOW HITPOINT WARNING * * *
You see here 243 gold pieces.
A red film seems to cover your vision as you go berserk!
You feel yourself moving faster!
You feel mighty!
The merfolk siren hits you from afar with a +0 trident!
* * * LOW HITPOINT WARNING * * *
You feel a strong urge to attack something.
The merfolk siren hits you with a +0 trident!!
You die...

##+#
##..###
#.†##.#
####†#.##
##.###'##
#.@m##.##
+$#.'.<.+
#...##.##
##.###+#
###


You could see a merfolk siren.

Levels and vault maps discovered:
D:        the_violet_keep_of_menkaure [sprint2_stairs_cluster_1,
          sprint2_shoproom, sprint2_temple, sprint2_basic_supplies,
          sprint2_obstacle_5, sprint2_obstacle_7, sprint2_obstacle_3,
          sprint2_obstacle_2, sprint2_obstacle_4, sprint2_timed_cluster_1,
          sprint2_smallroom_cluster_1, sprint2_smallroom_final_cluster_1,
          sprint2_transparent_cluster_1, sprint2_second_timed_cluster_1,
          sprint2_sniper_area_1, sprint2_heavy_combat_area_1,
          sprint2_mutation_trap_area_1, sprint2_forest_area_1,
          sprint2_light_combat_area_1, sprint2_behind_water_1,
          sprint2_near_end_vault_1]

Notes
Turn   | Place    | Note
-------+----------+-------------------------------------------
     0 | D        | ABBCCCDDDD the Minotaur Berserker began the quest for the
                  | Orb.
     0 | D        | Reached XP level 1. HP: 19/19 MP: 0/0
    10 | D        | Reached ** piety under Trog
    11 | D        | Reached XP level 2. HP: 15/28 MP: 1/1
    15 | D        | Killed a water moccasin
    35 | D        | Killed Menkaure
   205 | D        | Noticed a merfolk siren
   211 | D        | Mangled by a merfolk siren

Table legend: (Time is in decaauts)
 A = Elapsed time spent in this place.
 B = Non-inter-level travel time spent in this place.
 C = Inter-level travel time spent in this place.
 D = Time resting spent in this place.
 E = Time spent auto-exploring this place.
 F = Levels seen in this place.
 G = Mean time per level.
                   A        B        C        D        E       F      G
               +--------+--------+--------+--------+--------+-----+--------+
         Total |    223 |    223 |      0 |    196 |      0 |   1 |  223.0 |
       Dungeon |    223 |    223 |      0 |    196 |      0 |   1 |  223.0 |
               +--------+--------+--------+--------+--------+-----+--------+

Top non-repeatable levels by time:
       D: 223 daAuts

Table legend:
 A = Kills in this place as a percentage of kills in entire the game.
 B = Kills by you in this place as a percentage of kills by you in the entire game.
 C = Kills by friends in this place as a percentage of kills by friends in the entire game.
 D = Other kills in this place as a percentage of other kills in the entire game.
 E = Experience gained in this place as a percentage of experience gained in the entire game.
 F = Experience gained in this place divided by the number of levels of this place that you have seen.
                   A       B       C       D       E      F
               +-------+-------+-------+-------+-------+----------------------
         Total | 100.0 | 100.0 |   N/A |   N/A | 100.0 |  15.0
       Dungeon | 100.0 | 100.0 |   N/A |   N/A | 100.0 |  15.0
               +-------+-------+-------+-------+-------+----------------------

Action                   || total
-------------------------++-------
Melee: Hand axe          ||     6
       Headbutt          ||     1
Invok: Berserk           ||     2
Dodge: Dodged            ||     1

Vanquished Creatures
  3 worms (D)
3 creatures vanquished.

Vanquished Creatures (others)
  Menkaure (D)
  A water moccasin (D)
2 creatures vanquished.

Grand Total: 5 creatures vanquished
